 Dungeon Crawl Stone Soup version 0.26-a0-1191-ge2a0e31ab3 (webtiles) character file.

Game seed: 11073069586594875814

296 vvl the Firebug (level 6, -1/43 HPs)
             Began as a Demonspawn Fire Elementalist on Dec 29, 2020.
             Slain by an orc warrior
             ... wielding a +0 halberd
              (18 damage)
             ... on level 4 of the Dungeon.
             The game lasted 00:10:54 (4686 turns).

vvl the Firebug (Demonspawn Fire Elementalist)      Turns: 4686, Time: 00:10:55

Health: -1/43      AC:  5    Str:  8    XL:     6   Next: 12%
Magic:  5/10       EV: 10    Int: 19    God:
Gold:   126        SH:  0    Dex: 13    Spells: 10/11 levels left

rFire    . . .     SeeInvis .   i - +4 dagger (venom)
rCold    . . .     Faith    .   (no shield)
rNeg     + . .     Spirit   .   n - +0 ring mail {rN+}
rPois    .         Reflect  .   (helmet restricted)
rElec    .         Harm     .   (no cloak)
rCorr    .         Rampage  .   (no gloves)
Will     .....                  (no boots)
Stlth    +.........             (no amulet)
HPRegen  0.14/turn              (no ring)
MPRegen  0.12/turn              (no ring)

@: no status effects
A: horns 2, miasma immunity
a: no special abilities


You were on level 4 of the Dungeon.
You visited 1 branch of the dungeon, and saw 4 of its levels.

You collected 126 gold pieces.

Inventory:

Hand Weapons
 i - a +4 dagger of venom (weapon)
Missiles
 k - 3 javelins
Armour
 a - a +0 robe
 n - a +0 ring mail of positive energy (worn)
Jewellery
 m - an uncursed ring of protection from fire {unknown}
 q - a cursed ring of flight
Scrolls
 b - 2 scrolls of magic mapping {unknown}
 d - 2 scrolls of blinking {unknown}
 f - a scroll of remove curse {unknown}
 h - a scroll of noise {unknown}
 j - 3 scrolls of teleportation {unknown}
 l - a scroll of fear {unknown}
 o - a scroll of identify {unknown}
 p - 2 scrolls of enchant armour {unknown}
Potions
 c - a potion of mutation {unknown}
 e - a potion of might {unknown}
 g - 2 potions of flight {unknown}
 r - a potion of ambrosia {unknown}


   Skills:
 + Level 1.6 Fighting
 - Level 0.1 Short Blades
 + Level 1.3 Armour
 - Level 1.7 Dodging
 - Level 1.7 Stealth
 + Level 3.1 Spellcasting
 * Level 3.6 Conjurations
 + Level 3.8 Fire Magic


You had 10 spell levels left.
You knew the following spells:

 Your Spells              Type           Power        Failure   Level
a - Foxfire               Conj/Fire      68%          10%         1

Your spell library contained the following spells:

 Spells                   Type           Power        Failure   Level
 Conjure Flame            Conj/Fire      17%          28%         3
 Inner Flame              Hex/Fire       10%          52%         3
 Sticky Flame             Conj/Fire      17%          67%         4
 Fireball                 Conj/Fire      8%           95%         5


Dungeon Overview and Level Annotations

Branches:
Dungeon (4/15)
 Temple: D:4-7

Altars:
Ashenzari
Gozag
Uskayaw
Xom
Yredelemnul


Innate Abilities, Weirdness & Mutations

You have a pair of horns on your head.
You are immune to miasma.


Message History

Casting: Foxfire (safe; 10% risk of failure)
Confirm with . or Enter, or press ? or * to list all spells.
You conjure some foxfire!
The foxfire hits the orc warrior but does no damage.
The orc warrior is moderately wounded.
The foxfire hits the orc warrior.
The orc warrior is moderately wounded.
The orc warrior hits you but does no damage.
The foxfire hits the orc warrior but does no damage.
The orc warrior is moderately wounded.
The foxfire hits the orc warrior.
The orc warrior is heavily wounded.
The orc barely misses you. x2
You hit the orc warrior.
The orc warrior is poisoned.
The orc warrior is severely wounded.
The orc warrior hits you with a +0 halberd!
The orc hits you from afar with a +0 trident.
The orc hits you with a +0 short sword.
The orc warrior hits you from afar with a +0 halberd!!
You die...

...... ......
...... ......
......# #.....
.......#....#
#...........##.
##..#..o.......
#......oo......
##†........
#..@.......
##......####
#..<....<#
..............#
..##.....###..#
#.###.## ..#
... #.. ..# .##
... .. ..#


You could see an orc warrior (very poisoned) and 2 orcs.

Vanquished Creatures
  A scorpion (D:4)
  A hound (D:4)
  2 orc wizards (D:3)
  6 adders
  2 oozes (D:3)
  An adder skeleton (D:4)
  3 worms (D:2)
  4 dart slugs (D:1)
  3 leopard geckos
  9 orcs (D:3)
  3 ball pythons
  2 giant cockroaches
  12 goblins
  6 hobgoblins
  A quokka (D:2)
  4 bats (D:1)
  6 frilled lizards
  5 kobolds
  8 rats
79 creatures vanquished.

Vanquished Creatures (others)
  129 foxfires
129 creatures vanquished.

Grand Total: 208 creatures vanquished

Notes
Turn   | Place    | Note
-------+----------+-------------------------------------------
     0 | D:1      | vvl the Demonspawn Fire Elementalist began the quest for
                  | the Orb.
     0 | D:1      | Reached XP level 1. HP: 13/13 MP: 3/3
   353 | D:1      | Gained mutation: You have a pair of small horns on your
                  | head. [demonic ancestry]
   353 | D:1      | Reached XP level 2. HP: 19/19 MP: 0/5
  1902 | D:1      | Reached XP level 3. HP: 24/24 MP: 6/6
  2505 | D:2      | Found a broken altar of Ashenzari.
  2855 | D:2      | Gained mutation: You have a pair of horns on your head.
                  | [demonic ancestry]
  2855 | D:2      | Reached XP level 4. HP: 30/30 MP: 7/7
  3046 | D:2      | Found a hide-covered altar of Uskayaw.
  3620 | D:3      | Found an opulent altar of Gozag.
  3763 | D:3      | Gained mutation: You are immune to miasma. [demonic
                  | ancestry]
  3763 | D:3      | Reached XP level 5. HP: 21/36 MP: 7/9
  3787 | D:3      | Reached skill level 1 in Fighting
  3964 | D:3      | Found a shimmering altar of Xom.
  3974 | D:3      | Reached skill level 1 in Armour
  4292 | D:3      | Found a basalt altar of Yredelemnul.
  4596 | D:4      | Reached XP level 6. HP: 37/43 MP: 10/10
  4677 | D:4      | Noticed an orc warrior
  4686 | D:4      | Slain by an orc warrior

Illustrated notes

Levels and vault maps discovered:
D:1:      roderic_crossed_star, layout_basic, serial_co_window_serial,
          co_window_paths_a, co_window_of_opportunity_a, co_window_paths_a,
          co_window_corner_a, co_window_paths_b, co_window_cross_2,
          co_window_of_opportunity_c, co_window_2corner, co_window_corner_cb,
          co_window_paths_c, co_window_unsneaky_path_b, co_window_corner_b,
          co_window_paths_e, glass_columns_b
D:2:      layout_loops_corners, nicolae_overflow_crystal_walls,
          ashenzari_conservatory_becter, minmay_pentomino_r4
D:3:      layout_basic, lemuel_round_altar,
          nicolae_gozag_cash_rules_everything_around_me, general_overflow_altar
D:4:      minmay_chambers_of_twos, layout_cave_pools, old_standard_altar,
          uniq_ijyb

Skill      XL: |  1  2  3  4  5 |
---------------+----------------+-----
Fire Magic     | 3 |  3.8
Conjurations   | 2 3 |  3.6
Fighting       | 1 |  1.6
Armour         | 1 |  1.3
Spellcasting   | 3 |  3.1
Short Blades   | |  0.1
Dodging        | |  1.7
Stealth        | |  1.7

Action                   |  1- 3 |  4- 6 || total
-------------------------+-------+-------++-------
Melee: Unarmed           |    14 |       ||    14
       Dagger            |    44 |    94 ||   138
       Headbutt          |     7 |    10 ||    17
 Cast: Foxfire           |    62 |    12 ||    74
 Stab: Sleeping          |     2 |     2 ||     4
Armor: Robe              |    15 |     2 ||    17
       Ring mail         |       |    28 ||    28
Dodge: Dodged            |    40 |    59 ||    99

Table legend: (Time is in decaauts)
 A = Elapsed time spent in this place.
 B = Non-inter-level travel time spent in this place.
 C = Inter-level travel time spent in this place.
 D = Time resting spent in this place.
 E = Time spent auto-exploring this place.
 F = Levels seen in this place.
 G = Mean time per level.
                   A        B        C        D        E       F      G
               +--------+--------+--------+--------+--------+-----+--------+
         Total |   4683 |   4585 |     98 |    618 |   3408 |   4 | 1170.8 |
       Dungeon |   4683 |   4585 |     98 |    618 |   3408 |   4 | 1170.8 |
               +--------+--------+--------+--------+--------+-----+--------+

Top non-repeatable levels by time:
     D:1: 2117 daAuts
     D:2: 1237 daAuts
     D:3: 1229 daAuts
     D:4: 99 daAuts
